 Dungeon Crawl Stone Soup version 0.22-a0-565-gfc6459a (webtiles) character file.

366 iamserjio the Shield-Bearer (level 6, 0/39 HPs)
             Began as a Gargoyle Fighter on June 28, 2018.
             Was a Follower of Trog.
             Killed from afar by an orc wizard (4 damage)
             ... with a magic dart
             ... on level 5 of the Dungeon.
             The game lasted 00:09:16 (1136 turns).

iamserjio the Shield-Bearer (Gargoyle Fighter)      Turns: 1136, Time: 00:09:17

Health: 0/39       AC: 12    Str: 22    XL:     6   Next: 68%
Magic:  6/6        EV:  7    Int:  8    God:    Trog [*.....]
Gold:   123        SH: 10    Dex:  9    Spells: 5/5 levels left

rFire    . . .     SeeInvis .   a - +0 war axe
rCold    . . .     Gourm    .   c - +0 shield
rNeg     + . .     Faith    .   b - +0 scale mail
rPois    ∞         Spirit   .   (no helmet)
rElec    +         Reflect  .   s - +0 cloak
rCorr    .         Harm     .   (no gloves)
MR       +....                  (no boots)
Stlth    ..........             (no amulet)
HPRegen  0.13/turn              g - ring of protection from magic
MPRegen  0.10/turn              (no ring)

@: no status effects
A: negative energy resistance 1, electricity resistance, unbreathing,
petrification resistance, rot immunity, AC +4
a: Berserk, Renounce Religion


You were on level 5 of the Dungeon.
You worshipped Trog.
Trog was aware of your devotion.
You were not hungry.

You visited 1 branch of the dungeon, and saw 6 of its levels.

You collected 123 gold pieces.

Inventory:

Hand Weapons
 a - a +0 war axe (weapon)
Armour
 b - a +0 scale mail (worn)
 c - a +0 shield (worn)
 s - a +0 cloak (worn)
Jewellery
 g - a ring of protection from magic (left hand)
Scrolls
 d - a scroll of fog {unknown}
 e - a scroll of magic mapping {unknown}
 i - a scroll of fear {unknown}
 j - a scroll of enchant weapon {unknown}
 l - a scroll of random uselessness {unknown}
 m - 4 scrolls of identify {unknown}
 q - 2 scrolls of teleportation {unknown}
 t - a scroll of immolation {unknown}
Potions
 h - 2 potions of brilliance {unknown}
 k - a potion of flight {unknown}
 n - 2 potions of heal wounds {unknown}
 o - a potion of curing {unknown}
 p - a potion of haste {unknown}
Comestibles
 f - 3 rations
 r - 2 chunks of flesh


   Skills:
 + Level 4.4 Fighting
 * Level 3.8 Axes
 + Level 4.3 Armour
 * Level 5.3 Shields


You had 5 spell levels left.
You didn't know any spells.
Your spell library contained the following spells:

 Spells                   Type           Power        Failure   Level  Hunger
 Confuse                  Hex            #.......     100%        3    ####...
 Tukima's Dance           Hex            #.......     100%        3    ####...
 Ensorcelled Hibernation  Hex/Ice        #.....       99%         2    ###....
 Corona                   Hex            #......      98%         1    ##.....
 Dazzling Spray           Conj/Hex       #.....       100%        3    ####...


Dungeon Overview and Level Annotations

Branches:
Dungeon (6/15)
 Temple: D:4-7

Altars:
Gozag
Trog
The Shining One


Innate Abilities, Weirdness & Mutations

You are resistant to torment.
Your stone body is resilient. (AC +4)
You are immune to poison.
You resist negative energy. (rN+)
You are resistant to electric shocks. (rElec)
You can survive without breathing.
You are immune to petrification.
You are immune to rotting.


Message History

The adder hisses angrily.
The two-headed ogre moves out of view.
Found an emerald potion.
Found a stone staircase leading down.
The two-headed ogre hits you with a giant club!!
Ouch! That really hurt!
The two-headed ogre hits you with a giant club!
* * * LOW HITPOINT WARNING * * *
Found 14 gold pieces.
Found a stone staircase leading up.
Okay, then.
Okay, then.
You block the adder's attack.
Found a robe.
Found a stone staircase leading up.
You see here 14 gold pieces.
There is a stone staircase leading up here.
You climb upwards.
The orc shouts!
The orc wizard shouts!
The orc wizard points at you and mumbles some strange words.
The magic dart hits you!
You die...

####.......'..........
..##.#######.....#.####
..##.###......o....#..
..##.....####o.#.###.#
..##.....# #....###.#####
..##.....# #.#..........#
..##.....####.#..##...##.#
####.....'....#..##...#
#.....#######@##...##########
#..................##.......#
###############.........###.#
#.......#.# .#
#.......#.###.#
#..#....#.#...#
#..######.#...#.
#...............
#.#######.#.####


You could see an orc wizard and an orc.

Vanquished Creatures
  A scorpion (D:5)
  A crimson imp (D:5)
  7 orc wizards
  A hound zombie (D:6)
  3 adders
  A shadow imp (D:5)
  An ooze (D:2)
  2 dart slugs
  A leopard gecko (D:6)
  10 orcs
  3 giant cockroaches
  2 goblins (D:1)
  3 hobgoblins
  A jackal (D:2)
  A ball python (D:3)
  2 bats
  A frilled lizard (D:1)
  A jackal skeleton (D:5)
  2 kobolds
  A leopard gecko skeleton (D:6)
  2 rats
47 creatures vanquished.

Notes
Turn   | Place    | Note
-------+----------+-------------------------------------------
     0 | D:1      | iamserjio the Gargoyle Fighter began the quest for the Orb.
     0 | D:1      | Reached XP level 1. HP: 14/14 MP: 1/1
   167 | D:2      | Reached XP level 2. HP: 9/19 MP: 2/2
   234 | D:2      | Reached XP level 3. HP: 16/23 MP: 3/3
   421 | D:3      | Reached skill level 4 in Shields
   421 | D:3      | Reached XP level 4. HP: 8/29 MP: 4/4
   491 | D:5      | Entered Level 5 of the Dungeon
   614 | D:5      | Found a bloodstained altar of Trog.
   619 | D:5      | Became a worshipper of Trog the Wrathful
   629 | D:5      | Reached XP level 5. HP: 15/33 MP: 5/5
   700 | D:5      | Reached XP level 6. HP: 17/38 MP: 6/6
   813 | D:5      | Reached skill level 5 in Shields
   955 | D:5      | Found an opulent altar of Gozag.
   998 | D:4      | Reached * piety under Trog
  1056 | D:6      | Found a glowing golden altar of the Shining One.
  1120 | D:6      | Noticed a two-headed ogre
  1136 | D:5      | Killed from afar by an orc wizard

Vault maps used:
D:1:      tarquinn_simple_flora_water_c
D:2:      kennysheep_the_goblin_king, kiku_gazebo_garden_becter,
          serial_corexii_hall, corexii_hall_statues_s, corexii_hall_statues_x,
          corexii_hall_statues_t, kennysheep_generic_room_14
D:3:      nicolae_ru_great_annihilating_truth, minmay_misc_feat_diagonals,
          uniq_sigmund
D:4:      nicolae_overflow_crystal_walls, first_ration,
          kennysheep_generic_room_13
D:5:      kennysheep_mini_moat, kennysheep_little_box, kennysheep_slug_shrine
D:6:      tso_altar

Skill      XL: |  1  2  3  4  5  6 |
---------------+-------------------+-----
Axes           | 2 3 |  3.8
Shields        | 4 5 |  5.3
Fighting       | 4 |  4.4
Armour         | 4 |  4.3

Action                   |  1- 3 |  4- 6 || total
-------------------------+-------+-------++-------
Melee: War axe           |    64 |   105 ||   169
  Use: Potion            |       |     1 ||     1
  Eat: Chunk             |       |     1 ||     1
Armor: Scale mail        |    30 |    48 ||    78
Dodge: Dodged            |    17 |    19 ||    36
Block: Shield            |    25 |    36 ||    61

Table legend:
 A = Spawn XP
 B = Non-spawn XP
 C = Spawn XP percentage of total XP
 D = Spawn monster count
 E = Non-spawn monster count
 F = Spawn count percentage of total count
 G = Total turns spent on level
                    A         B        C        D         E        F      G
               +---------+---------+-------+---------+---------+-------+---------
         Total |       0 |     524 |   0.0 |       0 |      47 |   0.0 |  1136
               +---------+---------+-------+---------+---------+-------+---------
           D:1 |       0 |      14 |   0.0 |       0 |       8 |   0.0 |   204
           D:2 |       0 |      45 |   0.0 |       0 |      10 |   0.0 |   133
           D:3 |       0 |      55 |   0.0 |       0 |       7 |   0.0 |   144
           D:4 |       0 |       2 |   0.0 |       0 |       1 |   0.0 |    76
           D:5 |       0 |     384 |   0.0 |       0 |      18 |   0.0 |   483
           D:6 |       0 |      24 |   0.0 |       0 |       3 |   0.0 |    96
               +---------+---------+-------+---------+---------+-------+---------
